Map: Orbital Shipyard

Players

LilDicky

  • Race: Terran Terran
  • League: Diamond

LeveRage - Winner!

  • Race: Terran Terran
  • League: Diamond

VOD

http://www.twitch.tv/tumescentpie

Description

Time

  • Played on: Dec. 6, 2015, 3:46 p.m.
  • Length: 10:04
Show
View Real Time Build Order
Export as new Build Order

LilDicky Terran 

Build Orders: Mech, Banshee Rush 

Get SALT Encoding   

  12  0:03  SCV  
  13  0:15  SCV  
  13  0:20  Supply Depot  
  14  0:27  SCV  
  15  0:31  Refinery  
  15  0:42  SCV  
  16  0:46  Barracks  
  16  0:54  SCV  
  17  1:06  SCV  
  18  1:18  SCV  
  20  1:33  Reaper  
  20  1:36  Orbital Command  
  20  1:46  Command Center  
  20  1:58  Supply Depot  
  20  2:02  SCV  
  21  2:08  Factory  
  21  2:14  Refinery  
  21  2:15  Marine  
  21  2:19  SCV  
  23  2:31  SCV  
  24  2:37  Marine  
  24  2:53  SCV  
  24  2:56  Marine  
  26  3:01  Factory Tech Lab  
  26  3:04  Starport, Orbital Command  
  26  3:06  SCV  
  27  3:13  Marine  
  27  3:18  SCV  
  29  3:22  Engineering Bay  
  29  3:30  SCV x2  
  29  3:31  Marine  
  32  3:34  Widow Mine  
  34  3:42  SCV  
  34  3:43  SCV  
  34  3:45  Cloaking Field  
  34  3:46  Banshee  
  39  3:49  Marine  
  39  3:54  SCV  
  39  3:55  SCV  
  42  3:56  Missile Turret  
  42  3:59  Missile Turret  
  42  4:05  Factory Tech Lab  
  42  4:06  SCV  
  42  4:07  SCV  
  42  4:08  Marine  
  45  4:18  SCV  
  45  4:23  Command Center  
  46  4:41  Banshee, Supply Depot  
  46  4:42  Siege Tank  
  52  4:47  Marine  
  52  4:48  SCV  
  52  4:52  Refinery  
  54  4:54  Refinery  
  54  4:55  Supply Depot  
  54  5:03  SCV x2  
  56  5:15  SCV  
  57  5:25  SCV  
  57  5:27  Siege Tank  
  62  5:35  SCV  
  62  5:38  Orbital Command  
  62  5:40  SCV  
  62  5:41  Missile Turret  
  60  5:52  SCV x2  
  60  5:54  Factory x2  
  62  5:58  Starport Reactor  
  62  6:04  SCV  
  62  6:07  Orbital Command  
  63  6:21  SCV x2  
  63  6:24  Command Center  
  65  6:31  Supply Depot, Missile Turret x2  
  65  6:32  Supply Depot, SCV  
  66  6:33  Supply Depot, SCV x2  
  66  6:36  Siege Tank  
  66  6:37  Viking x2  
  75  6:40  Factory Reactor  
  75  6:44  SCV  
  75  6:45  SCV  
  75  6:46  SCV  
  78  6:48  Refinery  
  78  6:57  SCV, Missile Turret  
  78  6:58  SCV x2  
  81  7:04  Missile Turret  
  81  7:05  Missile Turret  
  81  7:09  SCV, Supply Depot  
  81  7:10  SCV, Marine  
  62  7:15  Viking x2  
  84  7:16  SCV  
  89  7:23  SCV  
  89  7:25  Refinery  
  89  7:27  Command Center  
  89  7:28  Marine  
  89  7:29  SCV x2  
  93  7:40  Missile Turret  
  93  7:50  Viking x2  
  96  7:56  SCV x3  
  99  8:16  SCV  
  97  8:23  Marine  
  97  8:24  Missile Turret  
  98  8:29  Factory x2  
  98  8:30  Viking  
  98  8:31  Factory, Viking, Siege Tank x2  
  98  8:32  Hellion x2  
  112  8:39  Orbital Command  
  111  8:42  Refinery  
  111  8:53  Hellion x2  
  103  8:57  Refinery  
  103  9:01  SCV x2  
  99  9:03  Siege Tank  
  99  9:05  Planetary Fortress  
  102  9:12  Missile Turret  
  102  9:16  Armory  
  102  9:17  Armory  
  102  9:20  Factory Tech Lab, Factory Reactor x2  
  102  9:31  Hellion x2, Siege Tank  
  105  9:33  Command Center  
  116  9:48  Command Center  
  116  9:49  Command Center  
  116  9:51  Command Center, SCV  
  116  9:52  SCV, Supply Depot  
  118  9:53  Missile Turret  
Show
View Real Time Build Order
Export as new Build Order

LeveRage Terran - Winner!

Build Orders: Reaper Expand 

Get SALT Encoding   

  12  0:01  SCV  
  13  0:13  SCV  
  14  0:18  Supply Depot  
  14  0:25  SCV  
  15  0:39  SCV  
  15  0:42  Barracks  
  16  0:48  Refinery  
  16  0:54  SCV  
  17  1:06  SCV  
  18  1:18  SCV  
  19  1:30  Orbital Command  
  19  1:32  Reaper  
  20  1:43  Command Center  
  20  1:51  Refinery  
  20  1:58  Supply Depot  
  20  2:01  SCV  
  21  2:08  Reaper  
  22  2:18  SCV  
  23  2:23  Factory  
  23  2:30  SCV  
  23  2:50  SCV  
  23  2:54  Barracks Reactor  
  23  2:57  Orbital Command  
  23  2:59  Factory  
  24  3:05  SCV  
  24  3:17  SCV  
  24  3:18  Factory Tech Lab, Starport  
  25  3:24  SCV  
  26  3:33  Marine x2  
  28  3:35  SCV  
  28  3:38  Command Center, SCV  
  30  3:42  Siege Tank  
  30  3:47  SCV  
  34  3:52  SCV  
  35  3:55  Marine  
  35  3:56  Marine  
  35  3:58  Viking  
  35  4:02  SCV  
  40  4:04  SCV  
  41  4:14  SCV, Marine  
  41  4:15  Marine  
  44  4:25  SCV, Barracks  
  44  4:26  SCV  
  44  4:27  Barracks  
  46  4:37  SCV  
  46  4:40  Engineering Bay  
  46  4:49  SCV, Marine x2  
  46  4:50  Raven  
  46  4:51  Orbital Command  
  51  5:00  SCV  
  51  5:01  Widow Mine  
  51  5:05  SCV  
  54  5:08  Missile Turret  
  50  5:15  Missile Turret  
  47  5:37  SCV x2  
  45  5:45  SCV  
  45  5:46  Factory Tech Lab, Marine x2  
  48  5:50  SCV  
  48  5:51  SCV  
  48  5:52  Terran Infantry Weapons Level 1  
  50  5:58  Missile Turret  
  50  6:02  SCV  
  50  6:03  Marine  
  52  6:05  Refinery x2  
  52  6:07  SCV x2  
  52  6:09  Barracks Tech Lab  
  52  6:10  Barracks Reactor  
  53  6:15  SCV, Starport Reactor  
  53  6:17  Siege Tank  
  57  6:22  SCV x2  
  59  6:29  Stimpack, Barracks  
  59  6:30  Marine  
  59  6:31  Orbital Command  
  61  6:36  Supply Depot x2  
  61  6:39  Marine  
  61  6:57  SCV x2, Marine x4  
  61  6:58  SCV  
  61  6:59  Marine  
  61  7:00  Medivac x2  
  73  7:05  Supply Depot  
  73  7:07  Supply Depot  
  73  7:08  Supply Depot  
  73  7:09  Supply Depot, SCV  
  73  7:14  SCV  
  73  7:15  SCV  
  76  7:16  Barracks  
  76  7:21  Marine  
  76  7:22  Barracks Reactor, Missile Turret  
  77  7:27  SCV x2, Marauder, Siege Tank, Marine  
  77  7:28  Marine x2  
  77  7:29  SCV  
  88  7:36  Refinery  
  88  7:39  SCV, Marine  
  90  7:45  Marine  
  90  7:46  Marine x2  
  90  7:48  Marine  
  90  7:50  SCV x2  
  96  7:56  Marine  
  96  7:57  Medivac x2  
  101  7:59  SCV  
  101  8:00  Terran Infantry Armor Level 1  
  101  8:04  Supply Depot  
  102  8:05  Supply Depot  
  100  8:17  SCV  
  100  8:20  SCV x2  
  102  8:29  SCV, Marine x3  
  102  8:30  Marine x5  
  102  8:31  Missile Turret x2  
  111  8:35  Missile Turret  
  111  8:36  SCV x2  
  111  8:37  Missile Turret  
  111  8:38  Missile Turret  
  113  8:47  Marine  
  107  9:00  SCV x2, Marine x4  
  107  9:01  Marine x3  
  114  9:07  Marine  
  115  9:11  Siege Tank  
  115  9:12  Viking x2  
  122  9:18  Marine x3  
  122  9:20  Barracks Reactor  
  125  9:25  Supply Depot  
  125  9:26  Supply Depot  
  125  9:27  Supply Depot  
  125  9:29  SCV x3, Marauder, Marine  
  125  9:31  Marine x2  
  133  9:43  Supply Depot  
  133  9:44  Supply Depot  
  133  9:45  Supply Depot  
Tags
 
Add a new tag
Caveats
  • Supply blocks, unpowered buildings, or Contaminate may cause inaccurate times.
  • Supply counts are checked every 10 seconds.